 Dungeon Crawl Stone Soup version 0.22.1-1-ga44c0e5 (webtiles) character file.

394 bloo the Destroyer (level 6, -5/32 HPs)
             Began as a Deep Elf Conjurer on Oct 7, 2018.
             Slain by Duvessa
             ... wielding a +0 rapier
              (7 damage)
             ... on level 3 of the Dungeon.
             The game lasted 00:15:59 (4132 turns).

bloo the Destroyer (Deep Elf Conjurer)              Turns: 4132, Time: 00:16:00

Health: -5/32      AC:  2    Str:  5    XL:     6   Next: 52%
Magic:  5/12       EV: 13    Int: 22    God:
Gold:   238        SH:  0    Dex: 15    Spells: 1/11 levels left

rFire    . . .     SeeInvis .   f - +0 mace
rCold    . . .     Gourm    .   (no shield)
rNeg     . . .     Faith    .   a - +0 robe
rPois    .         Spirit   .   (no helmet)
rElec    .         Reflect  .   (no cloak)
rCorr    .         Harm     .   (no gloves)
MR       .....                  (no boots)
Stlth    ++........             (no amulet)
HPRegen  0.10/turn              (no ring)
MPRegen  0.13/turn              (no ring)

@: no status effects
A: no striking features
a: no special abilities


You were on level 3 of the Dungeon.
You were not hungry.

You visited 1 branch of the dungeon, and saw 4 of its levels.

You collected 238 gold pieces.

Inventory:

Hand Weapons
 f - a +0 mace (weapon)
 r - a +0 mace of holy wrath
Missiles
 e - 136 stones (quivered)
 k - 33 sling bullets
Armour
 a - a +0 robe (worn)
 q - a +0 cloak
Jewellery
 b - an uncursed ring of ice {unknown}
Scrolls
 d - a scroll of teleportation {unknown}
 g - 2 scrolls of identify {unknown}
 h - 3 scrolls of remove curse {unknown}
 i - a scroll of blinking {unknown}
 j - a scroll of magic mapping {unknown}
 m - a scroll of random uselessness {unknown}
 n - a scroll of fog {unknown}
 o - 2 scrolls of enchant armour {unknown}
 p - 2 scrolls of amnesia {unknown}
Potions
 l - 2 potions of brilliance {unknown}
Comestibles
 c - 4 rations


   Skills:
 - Level 2.4 Dodging
 - Level 2.4 Stealth
 - Level 3.0 Spellcasting
 + Level 8.7 Conjurations


You had one spell level left.
You knew the following spells:

 Your Spells              Type           Power        Failure   Level  Hunger
a - Magic Dart            Conj           ####         1%          1    None
b - Searing Ray           Conj           #####.       1%          2    ##.....
c - Dazzling Spray        Conj/Hex       ###...       6%          3    ###....
d - Iskenderun's Mystic   Conj           #####...     3%          4    ####...

Your spell library contained the following spells:

 Spells                   Type           Power        Failure   Level  Hunger
 Animate Skeleton         Necr           N/A          12%         1    None
 Apportation              Tloc           #.....       12%         1    None
 Confusing Touch          Hex            #.....       12%         1    None
 Summon Small Mammal      Summ           #...         12%         1    None
 Force Lance              Conj/Tloc      ###.....     21%         4    ####...
 Fulminant Prism          Conj/Hex       ###.......   21%         4    ####...


Dungeon Overview and Level Annotations

Branches:
Dungeon (4/15)
 Temple: D:4-7

Altars:
Dithmenos
Nemelex Xobeh
Wu Jian

Annotations:
D:3 Duvessa


Message History

You finish channeling your searing ray.
Duvessa closely misses you.
Casting: Searing Ray (safe; 1% risk of failure)
Confirm with . or Enter, or press ? or * to list all spells.
Aiming: Searing Ray (safe; 1% risk of failure)
Press: ? - help, Shift-Dir - straight line, f/p - Duvessa
Aim: Duvessa, wielding a rapier and wearing a chain mail (heavily wounded)
The searing ray misses Duvessa. (Press . to maintain the ray.) Duvessa hits you with a rapier.
* * * LOW HITPOINT WARNING * * *
The searing ray hits Duvessa.
Duvessa is heavily wounded.
Duvessa hits you with a rapier.
* * * LOW HITPOINT WARNING * * *
Duvessa barely misses you.
You climb upwards.
There is a stone staircase leading down here.
Duvessa hits you with a rapier!
You die...

#.# #.# ##.###..# #.. #.# #.# #.#
#..# #.# #.# #.# #.# #..# #.. #.#
#.#### #.# #..# #.. ..#
#....####.###..####.. ###
####.##...#....##....
#.##.###.#........ #.##.#
#.#####.... #@##.###.# ###..
#e##...#.# ##.. #.####.#.# ##...
#.# ##.#.#####.... #.#
#........[....
##.###..#.#####....
#########.#.....#)# ####...
#######...........###.#.# #.....#
......#.#########.###.#.###.#####


You could see Duvessa.

Vanquished Creatures
  2 phantoms
  Dowan (D:4)
  A worker ant (D:4)
  3 gnolls (D:2)
  6 adders
  2 oozes (D:1)
  2 worms
  A dart slug (D:1)
  A leopard gecko (D:4)
  A ball python (D:2)
  A giant cockroach (D:3)
  6 goblins
  10 hobgoblins
  3 quokkas
  4 bats
  6 frilled lizards
  4 kobolds
  8 rats
62 creatures vanquished.

Notes
Turn   | Place    | Note
-------+----------+-------------------------------------------
     0 | D:1      | bloo the Deep Elf Conjurer began the quest for the Orb.
     0 | D:1      | Reached XP level 1. HP: 10/10 MP: 6/6
    95 | D:1      | Reached XP level 2. HP: 15/15 MP: 1/8
   184 | D:1      | Reached skill level 5 in Conjurations
   563 | D:1      | Reached XP level 3. HP: 19/19 MP: 6/9
   759 | D:2      | Learned a level 2 spell: Searing Ray
   763 | D:2      | Learned a level 3 spell: Dazzling Spray
   794 | D:2      | Found a shadowy altar of Dithmenos.
  1271 | D:2      | Reached skill level 6 in Conjurations
  1307 | D:2      | Reached XP level 4. HP: 24/24 MP: 0/10
  1444 | D:2      | Noticed a phantom
  1720 | D:3      | Found a sparkling altar of Nemelex Xobeh.
  2256 | D:3      | Reached skill level 7 in Conjurations
  2256 | D:3      | Reached XP level 5. HP: 28/28 MP: 7/11
  2291 | D:3      | Learned a level 4 spell: Iskenderun's Mystic Blast
  2969 | D:2      | Killed a phantom
  3023 | D:2      | Found a faded altar of an unknown god.
  3480 | D:2      | Found an ornate altar of the Wu Jian Council.
  3625 | D:4      | Noticed a phantom
  3831 | D:4      | Killed a phantom
  3831 | D:4      | Reached skill level 8 in Conjurations
  3831 | D:4      | Reached XP level 6. HP: 32/32 MP: 9/12
  3995 | D:4      | Noticed Dowan
  3995 | D:4      | Noticed Duvessa
  4014 | D:4      | Killed Dowan
  4132 | D:3      | Slain by Duvessa

Skill      XL: |  1  2  3  4  5 |
---------------+----------------+-----
Conjurations   | 5 6 7 8 |  8.7
Dodging        | |  2.4
Stealth        | |  2.4
Spellcasting   | |  3.0

Action                   |  1- 3 |  4- 6 || total
-------------------------+-------+-------++-------
 Cast: Magic Dart        |    55 |    59 ||   114
       Searing Ray       |     4 |    23 ||    27
       Iskenderun's Myst |       |     2 ||     2
  Eat: Chunk             |     1 |     4 ||     5
       Ration            |       |     2 ||     2
Armor: Robe              |       |     2 ||     2
Dodge: Dodged            |     4 |    12 ||    16
